 Dungeon Crawl Stone Soup version 0.28-a0-1450-gb131497 (webtiles) character file.

Game seed: 14773979631283390900

51 Dorkslayer the Skirmisher (level 3, 0/33 HPs)
             Began as a Hill Orc Fighter on Jan 10, 2022.
             Succumbed to an adder's poison
             ... on level 2 of the Dungeon.
             The game lasted 00:02:34 (1155 turns).

Dorkslayer the Skirmisher (Hill Orc Fighter)        Turns: 1155, Time: 00:02:34

Health: 0/33       AC:  6    Str: 20    XL:     3   Next: 83%
Magic:  12/12      EV:  8    Int:  8    God:
Gold:   106        SH:  8    Dex: 10    Spells: 2/2 levels left

rFire   . . .      SeeInvis .   a - +0 war axe
rCold   . . .      Faith    .   g - +0 kite shield
rNeg    . . .      Spirit   .   b - +0 scale mail
rPois   .          Reflect  .   (no helmet)
rElec   .          Harm     .   (no cloak)
rCorr   .          Rampage  .   (no gloves)
Will    .....                   (no boots)
Stlth   ..........              (no amulet)
HPRegen 0.11/turn               h - ring of magical power
MPRegen 0.13/turn               (no ring)

@: lethally poisoned (0 -> -3)
A: no striking features
a: no special abilities


You were on level 2 of the Dungeon.
You visited 1 branch of the dungeon, and saw 2 of its levels.

You collected 106 gold pieces.

Inventory:

Hand Weapons
 a - a +0 war axe (weapon)
Missiles
 c - 3 javelins (quivered)
Armour
 b - a +0 scale mail (worn)
 g - a +0 kite shield (worn)
Jewellery
 h - a ring of magical power (left hand)
Scrolls
 e - a scroll of amnesia {unknown}
 f - a scroll of teleportation
Potions
 d - a potion of might


   Skills:
 + Level 4.0 Fighting
 + Level 3.6 Axes
 * Level 0.8 Throwing
 + Level 3.6 Armour
 + Level 0.5 Dodging
 + Level 3.6 Shields


You had 2 spell levels left.
You didn't know any spells.
Your spell library was empty.

Dungeon Overview and Level Annotations

Branches:
Dungeon (2/15)

Altars:


Message History

The adder bites you but does no damage. You block the adder's attack.
You closely miss the adder.
The adder is severely wounded.
You block the adder's attack. The adder bites you but does no damage.
You closely miss the adder.
The adder is severely wounded.
The adder closely misses you. The adder bites you.
You are poisoned.
The adder poisons you!
You closely miss the adder.
The adder is severely wounded.
You feel sick. The adder bites you. The adder bites you but does no damage.
You hit the adder.
You kill the adder!
You feel sick.
Your Fighting skill increases to level 4!
An adder comes into view.
You feel sick.
The adder hisses angrily.
You see here an adder corpse.
You feel sick.
You are no longer poisoned.
Throw: 4 javelins
Press: ? - help, Q - select action Shift-Dir - straight line, f - adder
Aim: an adder (38% to hit)
You throw a javelin. The javelin barely misses the adder.
A frilled lizard comes into view.
The adder bites you.
* * * LOW HITPOINT WARNING * * *
You barely miss the adder. The adder barely misses you.
You block the adder's attack.
It was a potion of magic.
Magic courses through your body. The adder bites you.
* * * LOW HITPOINT WARNING * * *
You are lethally poisoned!
The adder poisons you!
You slash the adder!
You kill the adder!
* * * LOW HITPOINT WARNING * * *
You feel sick.
You die...

.....)#### #..
.......... #..
.......... #..
.......... #.#
.......... #.#
......#### #.# ......#
#l# ......# #.#
###.### #@# #.#
#####.###.###
#.######.#.......S....
#........#.###†###$###
#.######.#............
#.#.##########.###.###
#####.##........(#
......##.#########
#####.##.#


You could see a frilled lizard.

Vanquished Creatures
  2 adders (D:2)
  2 dart slugs (D:1)
  2 endoplasms (D:1)
  2 giant cockroaches (D:1)
  A hobgoblin (D:1)
  2 quokkas
  7 ball pythons
  5 bats (D:1)
  A frilled lizard (D:1)
  A goblin (D:1)
  5 kobolds (D:1)
  2 rats (D:1)
32 creatures vanquished.

Notes
Turn   | Place    | Note
-------+----------+-------------------------------------------
     0 | D:1      | Dorkslayer the Hill Orc Fighter began the quest for the
                  | Orb.
     0 | D:1      | Reached XP level 1. HP: 19/19 MP: 1/1
   289 | D:1      | Reached XP level 2. HP: 24/27 MP: 2/2
   663 | D:1      | Found a faded altar of an unknown god.
   800 | D:1      | Reached XP level 3. HP: 31/33 MP: 3/3
  1146 | D:2      | Reached skill level 4 in Fighting
  1154 | D:2      | HP: 1/33 [poisoned by an adder]
  1155 | D:2      | Succumbed to an adder's poison

Illustrated notes

Levels and vault maps discovered:
D:1:      matt_arrival_diagonals, layout_basic,
          hellmonk_ecumenical_altar_prayer_group, minmay_quantized
D:2:      layout_basic, basic_altar

Skill      XL: |  1  2  3 |
---------------+----------+-----
Axes           | 3 |  3.6
Fighting       | 4 |  4.0
Throwing       | |  0.8
Armour         | |  3.6
Dodging        | |  0.5
Shields        | |  3.6

Action                   || total
-------------------------++-------
Melee: War axe           ||    89
Throw: Javelin           ||     1
  Use: Scroll            ||     2
       Potion            ||     1
Armor: Scale mail        ||    36
Dodge: Dodged            ||    39
Block: Kite shield       ||    52

Table legend: (Time is in decaauts)
 A = Elapsed time spent in this place.
 B = Non-inter-level travel time spent in this place.
 C = Inter-level travel time spent in this place.
 D = Time resting spent in this place.
 E = Time spent auto-exploring this place.
 F = Levels seen in this place.
 G = Mean time per level.
                   A        B        C        D        E       F      G
               +--------+--------+--------+--------+--------+-----+--------+
         Total |   1200 |   1200 |      0 |      0 |    632 |   2 |  600.0 |
       Dungeon |   1200 |   1200 |      0 |      0 |    632 |   2 |  600.0 |
               +--------+--------+--------+--------+--------+-----+--------+

Top non-repeatable levels by time:
     D:1: 980 daAuts
     D:2: 219 daAuts
